 Dungeon Crawl Stone Soup version 0.27-a0-1200-g94dc6ad4cf (webtiles) character file.

Game seed: 6899874791761538657

31 spiderkeys the Skirmisher (level 3, -1/29 HPs)
             Began as a Merfolk Abyssal Knight on June 1, 2021.
             Was an Initiate of Lugonu.
             Slain by a gnoll
             ... wielding a +0 flail
              (2 damage)
             ... on level 1 of the Dungeon.
             The game lasted 00:01:41 (862 turns).

spiderkeys the Skirmisher (Merfolk Abyssal Knight)   Turns: 862, Time: 00:01:42

Health: -1/29      AC:  3    Str: 19    XL:     3   Next: 22%
Magic:  4/4        EV: 12    Int: 11    God:    Lugonu [......]
Gold:   41         SH:  0    Dex: 13    Spells: 2/2 levels left

rFire    + + +     SeeInvis .   a - +1 spear
rCold    x . .     Faith    .   (no shield)
rNeg     + . .     Spirit   .   b - +0 leather armour
rPois    +         Reflect  .   (no helmet)
rElec    .         Harm     .   (no cloak)
rCorr    .         Rampage  .   (no gloves)
Will     .....                  (no boots)
Stlth    ..........             (no amulet)
HPRegen  0.09/turn              d - ring of Pivausy {rPois rF+++ rC- rN+ Stlth-}
MPRegen  0.09/turn              S - +6 ring of strength

@: no status effects
A: (nimble swimmer 2), mertail
a: Renounce Religion


You were on level 1 of the Dungeon.
You worshipped Lugonu.
Lugonu was noncommittal.
You visited 1 branch of the dungeon, and saw 2 of its levels.
You visited the Abyss 1 time.

You collected 41 gold pieces.


Innate Abilities, Weirdness & Mutations

((You are quick and stealthy near water. (Stealth+, EV+, Speed+++)))
Your lower body shifts to a powerful aquatic tail in water.


   Skills:
 + Level 3.6 Fighting
 + Level 3.6 Polearms
 - Level 1.0 Armour
 + Level 3.2 Dodging
 + Level 2.4 Invocations


You had 2 spell levels left.
You didn't know any spells.
Your spell library contained the following spells:

 Spells                   Type           Power      Damage    Failure   Level
 Animate Skeleton         Necr           0%         N/A       38%         1
 Apportation              Tloc           0%         N/A       38%         1
 Corona                   Hex            0%         N/A       38%         1
 Magic Dart               Conj           0%         1d3       38%         1
 Summon Small Mammal      Summ           0%         N/A       38%         1
 Searing Ray              Conj           0%         3d3       54%         2
 Dazzling Flash           Conj/Hex       0%         N/A       77%         3
 Fulminant Prism          Conj/Hex       0%         3d6       99%         4
 Iskenderun's Mystic Bla  Conj/Tloc      0%         2d3       99%         4

Inventory:

Hand Weapons
 a - a +1 spear (weapon)
Missiles
 e - 21 poisoned darts
 f - 21 sling bullets
 h - 22 stones
Armour
 b - a +0 leather armour (worn)
Jewellery
 d - the ring of Pivausy (left hand) {rPois rF+++ rC- rN+ Stlth-}
   (You found it on level 2 of the Abyss)

   [ring of poison resistance]

   It renders you almost immune to fire.
   It makes you vulnerable to cold.
   It protects you from poison.
   It protects you from negative energy.
   It makes you less stealthy.
 S - a +6 ring of strength (right hand)
   (You found it on level 1 of the Dungeon)
Scrolls
 c - 2 scrolls of identify {@r1}
Potions
 g - a potion of flight

Dungeon Overview and Level Annotations

Branches:
Dungeon (2/15)

Altars:

## ####.###.# #####..##..).
.####........# #............
.....)####.##########.######.....
.....## #.# #..........# #.....
.###.#####.####..........# #.....
###......#...............# #.....
###......######..........# #.#.##
.........# #..........# #.#.#
###>.....# #.@........# #.#.# #
#......# #.g........# #.#.#
########## ####....).)...# #.#.#
......# ##.....####.#### #...##
......# ###..##### #.# ##...#
......###...## #.# ##...
.......#..### #.## #.#.
.........##### #..# #.##
####.#.......# ##[#######...


You could see a gnoll.


Message History

Found a stone staircase leading down.
No target in view!
A gnoll comes into view. It is wielding a +0 flail.
The gnoll shouts!
There is a stone staircase leading down here.
A gnoll comes into view. It is wielding a +0 spear. x2
The gnoll shouts! x2
A gnoll comes into view. It is wielding a +0 flail.
You reach to attack!
You closely miss the gnoll.
The gnoll shouts!
You reach to attack!
You barely miss the gnoll. You hit the gnoll but do no damage.
The gnoll misses you.
You barely miss the gnoll. The gnoll barely misses you.
You hit the gnoll but do no damage. The gnoll completely misses you.
The gnoll misses you.
You hit the gnoll. The gnoll completely misses you.
The gnoll hits you with a +0 flail! 😮 HP[-7]
You take 7 damage, and now have 17/24 hp.
MASSIVE DAMAGE!! (PAUSE)
A bat comes into view.
The bat moves out of view.
The bat hits you but does no damage. The bat completely misses you.
The bat closely misses you. The bat barely misses you. The bat hits you.
The bat hits you but does no damage. The bat barely misses you.
The bat barely misses you. The bat closely misses you.
The bat hits you but does no damage.
There's nothing to open nearby.
Unknown command.
You feel stronger.
S - a +6 ring of strength (right hand)
The bat hits you. The bat closely misses you. 😮 HP[-1]
You take 1 damage, and now have 16/24 hp.
The bat hits you but does no damage. The bat hits you. 😮 HP[-1]
You take 1 damage, and now have 15/24 hp.
The bat closely misses you. The bat hits you but does no damage.
The bat hits you but does no damage. The bat hits you. 😮 HP[-1]
You take 1 damage, and now have 14/24 hp.
The bat closely misses you.
You hit the bat.
You kill the bat!
Lugonu accepts your kill. 😮 HP[+1]
The gnoll completely misses you.
You barely miss the gnoll. The gnoll hits you with a +0 spear.
* * * LOW HITPOINT WARNING * * *
😨 HP[-3]
You take 3 damage, and now have 12/24 hp.
You barely miss the gnoll. The gnoll closely misses you.
You hit the gnoll. The gnoll barely misses you.
You hit the gnoll. The gnoll closely misses you.
You barely miss the gnoll. You hit the gnoll.
You kill the gnoll!
Lugonu accepts your kill.
You have reached level 3!
Your experience leads to an increase in your attributes!
Your base attributes are Str 12, Int 11, Dex 13.
Increase (S)trength, (I)ntelligence, or (D)exterity?
You feel stronger. 😮 HP[+3] MP[+1]
You now have 29 max hp (+5).
You regained 3 hp, and now have 15/29 hp.
Your mp is fully restored (4).
You barely miss the gnoll. The gnoll hits you with a +0 flail!
* * * LOW HITPOINT WARNING * * *
😨 HP[-7]
You take 7 damage, and now have 8/29 hp.
MASSIVE DAMAGE!! (PAUSE)
You barely miss the gnoll. The gnoll hits you with a +0 flail.
* * * LOW HITPOINT WARNING * * *
😱 HP[-3]
You take 3 damage, and now have 5/29 hp. 😱 HP[+1] 😱 HP[+1]
There is a stone staircase leading up here. 😨 HP[+1]
The gnoll hits you with a +0 flail.
* * * LOW HITPOINT WARNING * * *
You climb upwards.
There is a stone staircase leading down here. 😱 HP[-3]
You take 3 damage, and now have 5/29 hp.
You hit the gnoll. The gnoll barely misses you.
You hit the gnoll but do no damage. The gnoll hits you with a +0 flail.
* * * LOW HITPOINT WARNING * * *
😱 HP[-4]
You take 4 damage, and now have 1/29 hp.
You hit the gnoll. The gnoll closely misses you.
You barely miss the gnoll. The gnoll hits you with a +0 flail.
You die...

Skill      XL: |  1  2 |
---------------+-------+-----
Dodging        | 3 |  3.2
Armour         | 1 |  1.0
Fighting       | |  3.6
Polearms       | |  3.6
Invocations    | |  2.4

Action                   || total
-------------------------++-------
Melee: Spear             ||    74
Invok: Depart the Abyss  ||     1
  Use: Scroll            ||     1
Armor: Leather armour    ||    20
Dodge: Dodged            ||    42

Levels and vault maps discovered:
D:1:      scummos_arrival_simple_fountains, layout_rooms
D:2:      minmay_recursive_quarters, layout_basic

Notes
Turn   | Place    | Note
-------+----------+-------------------------------------------
     0 | Abyss:1  | spiderkeys the Merfolk Abyssal Knight began the quest for
                  | the Orb.
     0 | Abyss:1  | Reached XP level 1. HP: 18/18 MP: 2/2
     0 | Abyss:1  | magus.rc [v1.9.10]
    26 | Abyss:2  | Noticed an iron imp
    33 | Abyss:2  | Identified the ring of Pivausy {rPois rF+++ rC- rN+ Stlth-}
    45 | Abyss:2  | Noticed an iron imp
    52 | Abyss:2  | Noticed a small abomination
    52 | Abyss:2  | Noticed a thrashing horror
    52 | Abyss:2  | Noticed a smoke demon
    53 | Abyss:2  | Noticed a smoke demon
    54 | D:1      | You pass through the gate.
    54 | D:1      | Escaped the Abyss
   279 | D:1      | Reached XP level 2. HP: 22/24 MP: 3/3
   479 | D:1      | You pick up a book of Cantrips and begin reading...
   479 | D:1      | You add the spells Corona, Animate Skeleton, Summon Small
                  | Mammal and Apportation to your library.
   514 | D:1      | Reached skill level 3 in Dodging
   576 | D:1      | Reached skill level 1 in Armour
   656 | D:1      | You pick up a book of Conjurations and begin reading...
   656 | D:1      | You add the spells Magic Dart, Searing Ray, Dazzling Flash,
                  | Fulminant Prism and Iskenderun's Mystic Blast to your
                  | library.
   825 | D:2      | Reached XP level 3. HP: 15/29 MP: 4/4
   831 | D:2      | HP: 5/29 [gnoll/+0 flail (3)]
   857 | D:2      | HP: 5/29 [gnoll/+0 flail (3)]
   860 | D:1      | HP: 1/29 [gnoll/+0 flail (4)]
   862 | D:1      | Slain by a gnoll

Vanquished Creatures
  A gnoll (D:2)
  A dart slug (D:1)
  2 ball pythons (D:1)
  2 bats
  An endoplasm (D:1)
  A hobgoblin (D:1)
  2 jackals (D:1)
  A frilled lizard (D:1)
  5 goblins (D:1)
  A kobold (D:1)
  A rat (D:1)
18 creatures vanquished.

Table legend:
 A = Non-vault XP
 B = Vault XP
 C = Vault XP percentage of total XP
 D = Non-vault monster count
 E = Vault monster count
 F = Vault count percentage of total count
                 A         B        C        D         E       F
            +---------+---------+-------+---------+---------+-------
      Total |      45 |       0 |   0.0 |      18 |       0 |   0.0
            +---------+---------+-------+---------+---------+-------
        D:1 |      28 |       0 |   0.0 |      16 |       0 |   0.0
        D:2 |      17 |       0 |   0.0 |       2 |       0 |   0.0
            +---------+---------+-------+---------+---------+-------

Illustrated notes

Table legend:
 A = Kills in this place as a percentage of kills in entire the game.
 B = Kills by you in this place as a percentage of kills by you in the entire game.
 C = Kills by friends in this place as a percentage of kills by friends in the entire game.
 D = Other kills in this place as a percentage of other kills in the entire game.
 E = Experience gained in this place as a percentage of experience gained in the entire game.
 F = Experience gained in this place divided by the number of levels of this place that you have seen.
                   A       B       C       D       E      F
               +-------+-------+-------+-------+-------+----------------------
         Total | 100.0 | 100.0 |   N/A |   N/A | 100.0 |  11.2
       Dungeon | 100.0 | 100.0 |   N/A |   N/A | 100.0 |  22.5
               +-------+-------+-------+-------+-------+----------------------

Table legend: (Time is in decaauts)
 A = Elapsed time spent in this place.
 B = Non-inter-level travel time spent in this place.
 C = Inter-level travel time spent in this place.
 D = Time resting spent in this place.
 E = Time spent auto-exploring this place.
 F = Levels seen in this place.
 G = Mean time per level.
                   A        B        C        D        E       F      G
               +--------+--------+--------+--------+--------+-----+--------+
         Total |    856 |    834 |     22 |      0 |    610 |   4 |  214.0 |
       Dungeon |    803 |    781 |     22 |      0 |    610 |   2 |  401.5 |
         Abyss |     53 |     53 |      0 |      0 |      0 |   2 |   26.5 |
               +--------+--------+--------+--------+--------+-----+--------+

Top non-repeatable levels by time:
     D:1: 716 daAuts
     D:2: 86 daAuts
 Abyss:2: 29 daAuts
 Abyss:1: 24 daAuts
